 Dungeon Crawl Stone Soup version 0.29.0-15-g675c0067aa (webtiles) character file.

Game seed: 10131068044537547435

84 RascalDebosk the Chopper (level 4, -2/40 HPs)
             Began as a Minotaur Berserker on Sept 11, 2022.
             Was a Believer of Trog.
             Shot with an arrow by a centaur (5 damage)
             ... on level 3 of the Dungeon.
             The game lasted 00:07:49 (2704 turns).

RascalDebosk the Chopper (Minotaur Berserker)       Turns: 2704, Time: 00:07:50

Health: -2/40      AC:  7    Str: 22    XL:     4   Next: 24%
Magic:  3/3        EV: 11    Int:  6    God:    Trog [**....]
Gold:   102        SH:  0    Dex:  9    Spells: 3/3 levels left

rFire   . . .      SeeInvis .   a - +0 hand axe
rCold   . . .      Faith    .   (no shield)
rNeg    . . .      Spirit   .   l - +0 ring mail
rPois   .          Reflect  .   (helmet restricted)
rElec   .          Harm     .   (no cloak)
rCorr   .          Rampage  .   (no gloves)
Will    ++...                   j - +1 pair of boots
Stlth   ..........              (no amulet)
HPRegen 1.13/turn               (no ring)
MPRegen 0.08/turn               (no ring)

@: strong-willed, regenerating
A: horns 2, retaliatory headbutt
a: Renounce Religion, Berserk, Trog's Hand


You were on level 3 of the Dungeon.
You worshipped Trog.
Trog was pleased with you.
You visited 1 branch of the dungeon, and saw 3 of its levels.

You collected 102 gold pieces.

Inventory:

Hand Weapons
 a - a +0 hand axe (weapon)
Armour
 b - a +0 animal skin
 j - a +1 pair of boots (worn)
 l - a +0 ring mail (worn)
Wands
 o - a wand of polymorph (12)
 r - a wand of roots (7)
Scrolls
 e - 2 scrolls of teleportation {unknown}
 g - a scroll of blinking {unknown}
 k - a scroll of enchant weapon {unknown}
 m - 2 scrolls of identify {unknown}
 p - a scroll of brand weapon {unknown}
Potions
 c - 2 potions of lignification {unknown}
 d - a potion of berserk rage {unknown}
 f - 2 potions of curing {unknown}
 h - 3 potions of brilliance {unknown}
 i - a potion of attraction {unknown}
 n - a potion of heal wounds {unknown}
 q - a potion of resistance {unknown}


   Skills:
 + Level 4.2 Fighting
 + Level 4.2 Axes
 + Level 1.4 Throwing
 + Level 3.2 Armour
 - Level 2.1 Dodging
 + Level 1.3 Evocations


You had 3 spell levels left.
You didn't know any spells.
Your spell library was empty.

Dungeon Overview and Level Annotations

Branches:
Dungeon (3/15)

Altars:
Nemelex Xobeh

Annotations:
D:3 Jessica


Innate Abilities, Weirdness & Mutations

You have a pair of horns on your head.
You reflexively headbutt those who attack you in melee.


Message History

Found a stone staircase leading down.
You enter the shallow water.
Moving in this stuff is going to be slow.
You enter the shallow water.
Moving in this stuff is going to be slow.
You enter the shallow water.
Moving in this stuff is going to be slow.
You enter the shallow water.
Moving in this stuff is going to be slow.
Partly explored, can't reach some places.
You enter the shallow water.
Moving in this stuff is going to be slow.
There is a stone staircase leading down here.
You climb downwards.
The centaur shouts!
The goblin shouts!
Found a scroll labelled CAMNAJ CUSSO and a scale mail.
Found an escape hatch in the ceiling.
Found a stone staircase leading down.
There is a stone staircase leading up here.
Found a stone staircase leading up.
The centaur wields a +0 shortbow.
The centaur shoots an arrow.
The arrow hits you! The goblin closely misses you. You furiously retaliate!
You headbutt the goblin.
You kill the goblin!
Trog accepts your kill.
Jessica the Apprentice Sorceress comes into view.
She is wielding a +4 club.
Jessica shouts!
The centaur shoots an arrow.
The arrow hits you!
Things that are here:
a +0 dagger; a goblin corpse The centaur shoots an arrow.
The arrow hits you!
* * * LOW HITPOINT WARNING * * *
The centaur shoots an arrow.
The arrow hits you!
* * * LOW HITPOINT WARNING * * *
The centaur shoots an arrow.
The arrow barely misses you.
An orc comes into view. It is wielding a +0 club.
Found a scroll labelled IMEQOTO IFUCS and a scroll labelled LYUWOKIGYV.
You see here a scroll labelled CAMNAJ CUSSO.
Your skin crawls.
You feel strong-willed.
The centaur shoots an arrow.
The arrow hits you.
You die...

#.# #.## #.#
####... #.#
.....### #.#
#....c###.##
#.........?#
#.....# #?.#
#....[###@.##
#.<.)..c?...#
#.#..@.##..##
#.#..#.##..#
#.#..#..#..#
#...........
#.#..#..#o<##
#.#.....#..#
#......>...#


You could see a centaur, Jessica and an orc.

Vanquished Creatures
  3 adders (D:2)
  4 ball pythons
  3 bats
  7 endoplasms
  6 goblins
  7 hobgoblins
  5 jackals
  3 kobolds
  2 quokkas
  A frilled lizard (D:2)
  9 rats
50 creatures vanquished.

Vanquished Creatures (others)
  6 plants (D:2)
6 creatures vanquished.

Grand Total: 56 creatures vanquished

Notes
Turn   | Place    | Note
-------+----------+-------------------------------------------
     0 | D:1      | RascalDebosk the Minotaur Berserker began the quest for the
                  | Orb.
     0 | D:1      | Reached XP level 1. HP: 19/19 MP: 0/0
   313 | D:1      | Reached XP level 2. HP: 27/27 MP: 1/1
   432 | D:1      | Found a faded altar of an unknown god.
   854 | D:1      | Reached skill level 1 in Throwing
   880 | D:1      | Reached XP level 3. HP: 28/33 MP: 2/2
   957 | D:1      | Reached ** piety under Trog
  1572 | D:2      | Reached skill level 1 in Evocations
  1728 | D:2      | Found a sparkling altar of Nemelex Xobeh.
  1931 | D:2      | Reached XP level 4. HP: 39/40 MP: 3/3
  2696 | D:3      | Noticed a centaur
  2698 | D:3      | Noticed Jessica
  2699 | D:3      | HP: 1/40 [centaur/arrow (11)]
  2704 | D:3      | Shot with an arrow by a centaur

Illustrated notes

Levels and vault maps discovered:
D:1:      dpeg_arrival_subterranean_lakeside_camping, layout_basic,
          ebering_ecumenical_altar_rust, chequers_decorated_corner,
          minivault_24, minmay_small_reverse_x
D:2:      mumra_celtic_spiral_tile, layout_basic, basic_altar,
          hangedman_feature_mirror, chequers_big_river, minmay_hexomino_p4
D:3:      layout_basic, bloody_makhleb, nicolae_wu_jian_wuxing_cycle,
          serial_bayou_ford_a, chequers_serial_rivers_micro_d, uniq_jessica

Skill      XL: |  1  2  3 |
---------------+----------+-----
Throwing       | 1 |  1.4
Axes           | 4 |  4.2
Fighting       | 4 |  4.2
Armour         | 3 |  3.2
Evocations     | 1 |  1.3
Dodging        | |  2.1

Action                   |  1- 3 |  4- 6 || total
-------------------------+-------+-------++-------
Melee: Hand axe          |    80 |    13 ||    93
       Headbutt          |    13 |     4 ||    17
       Punch             |     1 |       ||     1
Invok: Trog's Hand       |       |     1 ||     1
Armor: Animal skin       |    19 |       ||    19
       Ring mail         |     5 |     3 ||     8
Dodge: Dodged            |    69 |     7 ||    76
